 Dungeon Crawl Stone Soup version 0.27.1-2-g3b301248ec (webtiles) character file.

Game seed: 11409940844840312813

63 Borgoz the Cudgeller (level 4, 0/28 HPs)
             Began as a Gargoyle Gladiator on Sept 28, 2021.
             Slain by a hobgoblin (4 damage)
             ... led by Robin
             ... on level 2 of the Dungeon.
             The game lasted 00:01:22 (1471 turns).

Borgoz the Cudgeller (Gargoyle Gladiator)           Turns: 1471, Time: 00:01:22

Health: 0/28       AC:  9    Str: 17    XL:     4   Next: 10%
Magic:  4/4        EV: 11    Int:  9    God:
Gold:   77         SH:  0    Dex: 10    Spells: 3/3 levels left

rFire    . . .     SeeInvis .   a - +0 flail
rCold    + . .     Faith    .   (no shield)
rNeg     + . .     Spirit   .   h - +0 ring mail
rPois    ∞         Reflect  .   c - +0 helmet
rElec    +         Harm     .   (no cloak)
rCorr    .         Rampage  .   (no gloves)
Will     .....                  (no boots)
Stlth    ..........             (no amulet)
HPRegen  0.09/turn              b - ring of protection from cold
MPRegen  0.09/turn              (no ring)

@: no status effects
A: sickness immunity, AC +3, negative energy resistance 1, electricity
resistance, torment resistance 1, petrification resistance, clumsy 1, wild magic
1
a: no special abilities


You were on level 2 of the Dungeon.
You visited 1 branch of the dungeon, and saw 2 of its levels.

You collected 77 gold pieces.

Inventory:

Hand Weapons
 a - a +0 flail (weapon)
Missiles
 d - 3 throwing nets (quivered)
Armour
 c - a +0 helmet (worn)
 h - a +0 ring mail (worn)
Jewellery
 b - a ring of protection from cold (left hand)
Scrolls
 g - a scroll of vulnerability {unknown}
 i - a scroll of holy word {unknown}


   Skills:
 + Level 3.0 Fighting
 + Level 3.5 Maces & Flails
 + Level 2.4 Throwing
 + Level 2.9 Dodging


You had 3 spell levels left.
You didn't know any spells.
Your spell library was empty.

Dungeon Overview and Level Annotations

Branches:
Dungeon (2/15)

Altars:
Cheibriados

Annotations:
D:2 Robin


Innate Abilities, Weirdness & Mutations

You are immune to sickness and miasma.
Your stone body is resilient. (AC +3)
You are immune to poison.
You resist negative energy. (rN+)
You are resistant to electric shocks. (rElec)
You are resistant to unholy torment.
You are immune to petrification.
You are clumsy. (Dex -2)
Your spells are a little harder to cast, but a little more powerful.


Message History

The goblin hits you but does no damage.
The hobgoblin hits you but does no damage.
The goblin misses you.
A goblin comes into view. It is wielding a +0 club.
The goblin hits you but does no damage.
Robin roars a battlecry!
The hobgoblin goes into a battle-frenzy!
The goblin shouts!
You closely miss the goblin.
The goblin is heavily wounded.
The hobgoblin closely misses you. The goblin hits you but does no damage.
A goblin comes into view. It is wielding a +0 club.
The goblin completely misses you.
Robin roars a battlecry!
The goblin goes into a battle-frenzy!
The hobgoblin hits you but does no damage.
The goblin hits you with a +0 club.
* * * LOW HITPOINT WARNING * * *
You hit the goblin.
You kill the goblin!
Robin throws the goblin at you!
The hobgoblin hits you but does no damage.
The goblin hits you but does no damage. x2
You closely miss the goblin.
A hobgoblin comes into view.
The goblin misses you.
The hobgoblin hits you but does no damage.
The goblin hits you with a +0 club.
* * * LOW HITPOINT WARNING * * *
You hit the goblin.
The goblin is moderately wounded.
A goblin comes into view. It is wielding a +0 club.
The hobgoblin hits you but does no damage.
The goblin hits you but does no damage. x2
You hit the goblin.
You kill the goblin!
Robin throws the goblin at you!
* * * LOW HITPOINT WARNING * * *
The hobgoblin hits you.
You die...

##############
#.g..........#
.gg#..##....+
#g#.....##.#
#..#lg.##.....####
#.gggg@g..........
##########)#..####
#...## ############..#
.............## #
........###### . ...
........# ##....
........#
.................#####


You could see Robin, 5 hobgoblins, 4 goblins and a frilled lizard.

Vanquished Creatures
  A gnoll (D:1)
  A worm (D:2)
  2 dart slugs (D:1)
  7 endoplasms
  4 giant cockroaches
  9 goblins
  A hobgoblin (D:1)
  2 kobolds
  7 ball pythons
  2 bats (D:1)
  A frilled lizard (D:2)
  7 rats
44 creatures vanquished.

Notes
Turn   | Place    | Note
-------+----------+-------------------------------------------
     0 | D:1      | Borgoz the Gargoyle Gladiator began the quest for the Orb.
     0 | D:1      | Reached XP level 1. HP: 12/12 MP: 1/1
   102 | D:1      | Reached XP level 2. HP: 6/18 MP: 2/2
   524 | D:1      | Reached XP level 3. HP: 14/22 MP: 3/3
   994 | D:2      | Found a snail-covered altar of Cheibriados.
  1447 | D:2      | Reached XP level 4. HP: 28/28 MP: 4/4
  1459 | D:2      | Noticed Robin
  1463 | D:2      | Gained mutation: Your spells are a little harder to cast,
                  | but a little more powerful. [potion of mutation]
  1463 | D:2      | Gained mutation: You are clumsy. (Dex -2) [potion of
                  | mutation]
  1471 | D:2      | Slain by a hobgoblin

Illustrated notes

Levels and vault maps discovered:
D:1:      mrwooster_arrival_statue_2, layout_basic, minmay_misc_feat_chi,
          ebering_dispersal_statue_hall
D:2:      minmay_thinvault, layout_basic, basic_altar,
          ebering_ecumenical_altar_abandoned, uniq_robin

Skill      XL: |  1  2  3 |
---------------+----------+-----
Throwing       | 2 |  2.4
Fighting       | 3 |  3.0
Maces & Flails | |  3.5
Dodging        | |  2.9

Action                   |  1- 3 |  4- 6 || total
-------------------------+-------+-------++-------
Melee: Flail             |   114 |    14 ||   128
  Use: Potion            |       |     2 ||     2
Armor: Leather armour    |    35 |       ||    35
       Ring mail         |    13 |    21 ||    34
Dodge: Dodged            |    90 |    11 ||   101
